 Dungeon Crawl Stone Soup version 0.20-a0-640-g62ed22f (webtiles) character file.

433 polly the Slasher (level 6, -1/47 HPs)
             Began as a Demonspawn Gladiator on Feb 13, 2017.
             Was an Initiate of Yredelemnul.
             Slain by a scorpion (4 damage)
             ... on level 4 of the Dungeon.
             The game lasted 00:05:14 (3508 turns).

polly the Slasher (Demonspawn Gladiator)            Turns: 3508, Time: 00:05:14

Health: -1/47      AC:  2    Str: 19 (20) XL:     6   Next: 67%
Magic:  6/6        EV:  8    Int:  9 (10) God:    Yredelemnul [......]
Gold:   167        SH: 11    Dex: 11 (14) Spells: 5/5 levels left

rFire    . . .     SeeInvis .   a - +0 long sword
rCold    . . .     Gourm    .   b - +0 leather armour
rNeg     . . .     Faith    .   v - +0 large shield
rPois    .         Spirit   .   (helmet restricted)
rElec    .         Reflect  .   (no cloak)
rCorr    .         Harm     .   (no gloves)
MR       .....                  m - +0 pair of boots
Stlth    ++........             (no amulet)
Regen    0.2/turn               (no ring)
MPRegen  0.1/turn               (no ring)

@: lethally poisoned (-1 -> -16)
A: horns 2, deformed body, nightstalker 1, sense surroundings 1, strong 2
a: Renounce Religion


You were on level 4 of the Dungeon.
You worshipped Yredelemnul.
Yredelemnul was noncommittal.
You were hungry.

You visited 1 branch of the dungeon, and saw 4 of its levels.

You collected 167 gold pieces.

Inventory:

Hand Weapons
 a - a +0 long sword (weapon)
Missiles
 d - 3 throwing nets (quivered)
Armour
 b - a +0 leather armour (worn)
 c - a +0 helmet
 m - a +0 pair of boots (worn)
 v - a +0 large shield (worn)
Jewellery
 e - an uncursed ring of fire {unknown}
Scrolls
 g - 5 scrolls of remove curse {unknown}
 j - 2 scrolls of fear {unknown}
 k - 2 scrolls of teleportation {unknown}
 l - 3 scrolls of identify {unknown}
 o - a scroll of enchant weapon {unknown}
 q - a scroll of immolation {unknown}
 r - 2 scrolls of enchant armour {unknown}
 s - a scroll of random uselessness {unknown}
Potions
 n - a potion of lignification
 t - a potion of degeneration
Books
 u - a book of Maledictions

   Spells                             Type                      Level
   a - Corona                         Hexes                        1
   b - Ensorcelled Hibernation        Hexes/Ice                    2
   c - Confuse                        Hexes                        3
   d - Tukima's Dance                 Hexes                        3
   e - Dazzling Spray                 Conjuration/Hexes            3
Comestibles
 f - 2 bread rations
 h - 3 meat rations
 x - a royal jelly


   Skills:
 + Level 3.1 Fighting
 + Level 5.0 Long Blades
 + Level 2.2 Throwing
 + Level 2.3 Armour
 + Level 3.5 Dodging
 + Level 1.2 Stealth
 + Level 0.5 Shields


You had 5 spell levels left.
You didn't know any spells.

Dungeon Overview and Level Annotations

Branches:
Dungeon (4/15)
 Temple: D:4-7

Altars:
Yredelemnul

Shops:
D:4 =


Innate Abilities, Weirdness & Mutations

You have a pair of horns on your head.
You are slightly more attuned to the shadows.
Armour fits poorly on your strangely shaped body.
You passively map a small area around you.
Your muscles are very strong. (Str +4)


Message History

Your +0 pair of boots melds into your body.
Your +0 leather armour melds into your body.
Your roots penetrate the ground.
* * * LOW HITPOINT WARNING * * *
You feel sick.
The scorpion stings you but does no damage.
It was a potion of flight.
Your roots keep you in place.
* * * LOW HITPOINT WARNING * * *
You feel sick.
The scorpion stings you but does no damage.
It was a potion of cancellation.
Your magical effects are unravelling.
You feel magically purged.
You feel less wooden.
Your +0 pair of boots unmelds from your body.
Your +0 leather armour unmelds from your body.
* * * LOW HITPOINT WARNING * * *
You feel sick. The scorpion stings you.
You die...
Your body rises from the dead as a mindless zombie.

..# * s *#..#####......#... #.#*
* * ####. #..#####.####.#..# #.#
, #..#.##................. #.# ,
*#..#.^#.##.###.##....... #.# *
*#..###..##.###..........
#.########...###.................
................s..)..#.##.#.#...
#.####.>.....###s#.........#.#...
#............# #@#...............
#.####..##.#.###.#....#..#####...
..#......................######..
#.#......#.#.#.#......#..........
.........#.#..........#..######..
....##...#.###.#...#..#..###.....
....##...#.###.#...#.....[.......
#.####...#..##.#...#.....######..
..# #...#..##.#...#.....# #..


You could see 2 scorpions.

Vanquished Creatures
  A phantom (D:4)
  The ghost of penismuncher the Insei, an amateur OpMo (D:3)
  A scorpion (D:4)
  A hound (D:4)
  Jessica (D:2)
  Robin (D:3)
  4 adders (D:3)
  2 oozes
  3 worms
  2 dart slugs
  3 leopard geckos
  5 orcs
  8 bats
  2 giant cockroaches
  17 goblins
  12 hobgoblins
  5 kobolds
  2 quokkas (D:4)
  7 frilled lizards
  9 rats
  A spectral orc (D:3)
88 creatures vanquished.

Notes
Turn   | Place    | Note
-------+----------+-------------------------------------------
     0 | D:1      | polly the Demonspawn Gladiator began the quest for the Orb.
     0 | D:1      | Reached XP level 1. HP: 16/16 MP: 1/1
   155 | D:1      | Reached skill level 3 in Long Blades
   194 | D:1      | Gained mutation: You have a pair of small horns on your head. [demonic ancestry]
   194 | D:1      | Reached XP level 2. HP: 19/22 MP: 2/2
   484 | D:1      | Gained mutation: You have a pair of horns on your head. [demonic ancestry]
   484 | D:1      | Reached XP level 3. HP: 27/27 MP: 3/3
   939 | D:2      | Noticed Jessica
   950 | D:2      | Killed Jessica
   950 | D:2      | Reached XP level 4. HP: 21/33 MP: 4/4
  1528 | D:3      | Noticed penismuncher's ghost (amateur OpMo)
  1540 | D:3      | Killed penismuncher's ghost
  1540 | D:3      | Reached skill level 4 in Long Blades
  1540 | D:3      | Reached skill level 1 in Armour
  1540 | D:3      | Reached XP level 5. HP: 18/39 MP: 5/5
  1626 | D:3      | Found a basalt altar of Yredelemnul.
  1681 | D:3      | Became a worshipper of Yredelemnul the Dark
  1751 | D:3      | Noticed Robin
  1783 | D:3      | Killed Robin
  1969 | D:3      | Reached skill level 1 in Stealth
  2674 | D:4      | Noticed a phantom
  2710 | D:4      | Killed a phantom
  2710 | D:4      | Gained mutation: You are slightly more attuned to the shadows. [demonic ancestry]
  2710 | D:4      | Reached XP level 6. HP: 29/46 MP: 6/6
  2742 | D:4      | Gained mutation: Your muscles are strong. (Str +2) [potion of mutation]
  2742 | D:4      | Gained mutation: You passively map a small area around you. [potion of mutation]
  2742 | D:4      | Gained mutation: Armour fits poorly on your strangely shaped body. [potion of mutation]
  2742 | D:4      | Gained mutation: Your muscles are very strong. (Str +4) [potion of mutation]
  2944 | D:4      | Reached skill level 5 in Long Blades
  2950 | D:4      | Reached * piety under Yredelemnul
  2974 | D:4      | Found Eqaaczes's Jewellery Shop.
  3508 | D:4      | Slain by a scorpion

Vault maps used:
D:1:      minmay_arrival_jagged
D:2:      first_bread, kennysheep_generic_room_8, uniq_jessica
D:3:      yredelemnul_forgotten_temple_becter, portal_sewer_entry_d, uniq_robin
D:4:      old_forge, serial_shops, nicolae_shop_behind_doors

Skill      XL: |  1  2  3  4  5  6 |
---------------+-------------------+-----
Throwing       | 2 |  2.2
Long Blades    | 3 4 5 |  5.0
Dodging        | 3 |  3.5
Armour         | 1 2 |  2.3
Stealth        | 1 |  1.2
Fighting       | 3 |  3.1
Shields        | |  0.5

Action                   |  1- 3 |  4- 6 || total
-------------------------+-------+-------++-------
Melee: Long sword        |    93 |   152 ||   245
       Headbutt          |     8 |    32 ||    40
  Use: Potion            |       |     9 ||     9
 Stab: Sleeping          |     1 |     4 ||     5
  Eat: Chunk             |       |     3 ||     3
       Meat ration       |       |     1 ||     1
Armor: Leather armour    |    27 |    48 ||    75
       Skin              |       |     2 ||     2
Dodge: Dodged            |    64 |    93 ||   157
Block: Large shield      |       |    50 ||    50
       Rpst.: Long sword |    17 |    22 ||    39
